 Dungeon Crawl Stone Soup version 0.29.0-4-gdea44cf6ec (webtiles) character file.

Game seed: 4161394631835703008

201 qw the Chopper (level 5, 0/33 HPs)
             Began as a Gargoyle Fighter on Sept 10, 2022.
             Slain by a gnoll bouda
             ... wielding a +0 club
              (7 damage)
             ... on level 4 of the Dungeon.
             The game lasted 00:01:27 (3261 turns).

qw the Chopper (Gargoyle Fighter)                   Turns: 3261, Time: 00:01:28

Health: 0/33       AC: 13    Str: 22    XL:     5   Next: 79%
Magic:  5/5        EV:  9    Int:  8    God:
Gold:   94         SH:  4    Dex:  9    Spells: 4/4 levels left

rFire   . . .      SeeInvis .   Y - +0 war axe
rCold   . . .      Faith    .   c - +0 buckler
rNeg    + . .      Spirit   .   b - +0 scale mail
rPois   inf        Reflect  .   (no helmet)
rElec   +          Harm     .   (no cloak)
rCorr   .          Rampage  .   h - +1 pair of gloves
Will    .....                   (no boots)
Stlth   ..........              (no amulet)
HPRegen 0.11/turn               (no ring)
MPRegen 0.09/turn               (no ring)

@: no status effects
A: sickness immunity, AC +4, negative energy resistance 1, electricity
resistance, torment resistance 1, petrification resistance
a: no special abilities


You were on level 4 of the Dungeon.
You visited 1 branch of the dungeon, and saw 4 of its levels.

You collected 94 gold pieces.


Innate Abilities, Weirdness & Mutations

You are immune to sickness and miasma.
Your stone body is resilient. (AC +4)
You are immune to poison.
You resist negative energy. (rN+)
You are resistant to electric shocks. (rElec)
You are resistant to unholy torment.
You are immune to petrification.


   Skills:
 + Level 3.7 Fighting
 - Level 5.1 Axes
 - Level 3.2 Armour
 - Level 3.2 Shields


You had 4 spell levels left.
You didn't know any spells.
Your spell library was empty.

Inventory:

Hand Weapons
 a - a +0 mace
 Y - a +0 war axe (weapon)
Armour
 b - a +0 scale mail (worn)
 c - a +0 buckler (worn)
 h - a +1 pair of gloves (worn)
Potions
 d - a potion of might
 e - 3 potions of curing
 f - a potion of invisibility {unknown}
 g - a potion of attraction {unknown}
 i - a potion of lignification {unknown}
 j - a potion of degeneration {unknown}

Dungeon Overview and Level Annotations

Branches:
Dungeon (4/15)
 Temple: D:4-7

Altars:


Message History

The gnolls pick up the pace!
Things that are here:
a +0 flail; 2 throwing nets You hit the gnoll.
The gnoll is moderately wounded.
The gnoll hits you with a +0 spear. The dart slug launches a dart at you.
The slug dart misses you. The gnoll hits you but does no damage.
You barely miss the gnoll.
The gnoll is moderately wounded.
The gnoll hits you but does no damage. The gnoll barely misses you. x2
You barely miss the gnoll.
The gnoll is moderately wounded.
The gnoll hits you but does no damage. x2
You hit the gnoll.
The gnoll is severely wounded.
You hit the gnoll bouda. The gnoll barely misses you.
The gnoll hits you with a +0 spear!
The gnoll bouda hits you but does no damage.
The gnoll closely misses you.
You slash the gnoll!
You kill the gnoll!
You barely miss the gnoll bouda.
The gnoll bouda gazes fiercely through you!
You feel your attacks grow feeble. The gnoll bouda barely misses you.
The gnoll hits you from afar with a +0 halberd.
You barely miss the gnoll bouda.
The gnoll bouda is lightly wounded.
The gnoll bouda hits you with a +0 club!
The gnoll barely misses you. The gnoll bouda barely misses you.
You hit the gnoll bouda.
The gnoll bouda is moderately wounded.
The gnoll barely misses you. The gnoll bouda closely misses you.
You closely miss the gnoll bouda.
The gnoll bouda is moderately wounded.
Your attacks no longer feel as feeble.
The gnoll hits you but does no damage.
The gnoll bouda hits you with a +0 club!
You die...

#####..#....#
....#.......+
###.###.....# ###.#
#.....# #####.### ....#
####.######........
##########.....##.###.###
...<.............%[......
###############.)%.......
##@####.### #g)....)..
.wg#.......# .....
....#... ....... ..#.#
....... ..#... .......
..# ### ....... .##


You could see a gnoll bouda, a gnoll (swift) and a dart slug.

Vanquished Creatures
  A hound (D:4)
  4 gnolls
  4 adders
  A worm (D:2)
  3 dart slugs
  6 orcs (D:3)
  8 endoplasms
  2 giant cockroaches (D:3)
  10 goblins
  6 hobgoblins
  3 jackals (D:1)
  5 quokkas
  8 ball pythons
  7 bats
  5 frilled lizards
  4 kobolds
  6 rats
83 creatures vanquished.

Notes
Turn   | Place    | Note
-------+----------+-------------------------------------------
     0 | D:1      | qw the Gargoyle Fighter began the quest for the Orb.
     0 | D:1      | Reached XP level 1. HP: 14/14 MP: 1/1
     0 | D:1      | 0 ||| qw: Version: 0.1-a-113-g051387a
     0 | D:1      | 0 ||| qw: Game counter: 7392
     0 | D:1      | 0 ||| qw: Always use a shield: true
     0 | D:1      | 0 ||| qw: God list: Okawaru
     0 | D:1      | 0 ||| qw: Allow faded altars: false
     0 | D:1      | 0 ||| qw: Do Orc after D:15 true
     0 | D:1      | 0 ||| qw: Do second Lair branch before Depths: true
     0 | D:1      | 0 ||| qw: Lair rune preference: random
     0 | D:1      | 0 ||| qw: Plans: Normal, Zot, God:TSO, Crypt, Tomb, Zig,
                  | Orb
     0 | D:1      | 0 ||| PLANNING D:1-11
    25 | D:1      | Reached skill level 2 in Axes
   198 | D:1      | Reached XP level 2. HP: 13/19 MP: 2/2
   289 | D:1      | Found a faded altar of an unknown god.
   500 | D:1      | Reached skill level 3 in Axes
   513 | D:1      | Reached XP level 3. HP: 10/23 MP: 3/3
   919 | D:1      | 919 ||| UPGRADING to +0 pair of gloves.
   924 | D:1      | 924 ||| READING scroll labelled KUTWUD LUHUGHY.
   925 | D:1      | 925 ||| DRINKING 3 red potions.
  1035 | D:2      | 1035 ||| FLEEEEING.
  1036 | D:2      | 1036 ||| FLEEEEING.
  1037 | D:2      | 1037 ||| FLEEEEING.
  1041 | D:2      | 1041 ||| FLEEEEING.
  1042 | D:2      | 1042 ||| FLEEEEING.
  1043 | D:2      | 1043 ||| FLEEEEING.
  1044 | D:2      | 1044 ||| FLEEEEING.
  1045 | D:2      | 1045 ||| FLEEEEING.
  1046 | D:2      | 1046 ||| FLEEEEING.
  1047 | D:2      | 1047 ||| FLEEEEING.
  1048 | D:2      | 1048 ||| FLEEEEING.
  1049 | D:2      | 1049 ||| FLEEEEING.
  1053 | D:2      | 1053 ||| STAIRDANCE
  1203 | D:2      | Reached XP level 4. HP: 26/28 MP: 4/4
  1504 | D:2      | Reached skill level 4 in Axes
  1788 | D:2      | 1788 ||| READING scroll labelled JOGADU CUGROLU.
  1835 | D:3      | 1835 ||| DROPPING +0 club.
  2291 | D:3      | 2291 ||| Stepping ~*~*~tactically~*~*~ (stealth).
  2292 | D:3      | 2292 ||| Stepping ~*~*~tactically~*~*~ (stealth).
  2337 | D:3      | 2337 ||| Stepping ~*~*~tactically~*~*~ (stealth).
  2341 | D:3      | Reached XP level 5. HP: 32/32 MP: 5/5
  2349 | D:3      | 2349 ||| Stepping ~*~*~tactically~*~*~ (stealth).
  2361 | D:3      | 2361 ||| Stepping ~*~*~tactically~*~*~ (stealth).
  2624 | D:3      | 2624 ||| Stepping ~*~*~tactically~*~*~ (stealth).
  2803 | D:3      | 2803 ||| READING 2 scrolls labelled OGEUNAHIRHI.
  2804 | D:3      | 2804 ||| READING scroll of enchant armour.
  2804 | D:3      | 2804 ||| ENCHANTING +0 pair of gloves.
  3195 | D:4      | Reached skill level 5 in Axes
  3244 | D:4      | 3244 ||| Stepping ~*~*~tactically~*~*~ (hiding).
  3259 | D:4      | HP: 6/33 [gnoll bouda/+0 club (10)]
  3261 | D:4      | Slain by a gnoll bouda

Levels and vault maps discovered:
D:1:      minmay_arrival_cross, layout_rooms,
          hellmonk_ecumenical_altar_heavens_door
D:2:      layout_loops_ring
D:3:      layout_loops_corners, guppyfry_early_orc_mine
D:4:      layout_basic, grunt_temple_overflow_octagram

Skill      XL: |  1  2  3  4  5 |
---------------+----------------+-----
Axes           | 2 3 4 5 |  5.1
Fighting       | |  3.7
Armour         | |  3.2
Shields        | |  3.2

Action                   |  1- 3 |  4- 6 || total
-------------------------+-------+-------++-------
Melee: War axe           |    95 |   143 ||   238
  Use: Scroll            |     1 |     3 ||     4
       Potion            |     1 |       ||     1
Armor: Scale mail        |    54 |    77 ||   131
Dodge: Dodged            |    44 |    77 ||   121
Block: Buckler           |    12 |    19 ||    31

Table legend:
 A = Non-vault XP
 B = Vault XP
 C = Vault XP percentage of total XP
 D = Non-vault monster count
 E = Vault monster count
 F = Vault count percentage of total count
                 A         B        C        D         E       F
            +---------+---------+-------+---------+---------+-------
      Total |     271 |      17 |   5.9 |      76 |       7 |   8.4
            +---------+---------+-------+---------+---------+-------
        D:1 |      46 |       0 |   0.0 |      22 |       0 |   0.0
        D:2 |      67 |       0 |   0.0 |      25 |       0 |   0.0
        D:3 |      62 |      17 |  21.5 |      20 |       7 |  25.9
        D:4 |      96 |       0 |   0.0 |       9 |       0 |   0.0
            +---------+---------+-------+---------+---------+-------
